cohdb
Replays
Latest Replays
All Replays
Popular Replays
Top Player Replays
Match Explorer
How It Works
Community
CoH3 Stats
Reddit
Sign in to upload your games and track your stats! →
Sign in with Steam
Match 43397443
Unlisted
Match 43397443
Overview
Messages
Build Orders
End
Vickers Machine Gun Team
Construct Section Command Post
Selects Canadian Shock Battlegroup
Infantry Section
Vickers Machine Gun Team
Infantry Section
Grenade Package
Selects Attacking Spirit
Selects Canadian Shock Section
Canadian Shock Section
Construct Field Infirmary
Construct Platoon Command Post
Selects Incendiary Munitions
Unlock Bishop Self-propelled Artillery
Bishop Self-propelled Artillery
Selects Pyrotechnics
6-pounder Anti-tank Gun Team
Infantry Training
sewage bill
LITTLE TRICKSTER
Competitor
Noxrige
0
0
Comments
sign in to comment!
No comments posted yet!